 Dungeon Crawl Stone Soup version 0.27-a0-1319-geec4fb4e21 (webtiles) character file.

Game seed: 17593285421135103899

2139 Anon1729 the Conjurer (level 9, -13/51 HPs)
             Began as an Octopode Air Elementalist on June 21, 2021.
             Was a Priest of Sif Muna.
             Mangled by Harold (19 damage)
             ... on level 7 of the Dungeon.
             The game lasted 00:12:05 (6375 turns).

Anon1729 the Conjurer (Octopode Air Elementalist)   Turns: 6375, Time: 00:12:06

Health: -13/51     AC:  5    Str:  7    XL:     9   Next: 30%
Magic:  14/16      EV: 16    Int: 20    God:    Sif Muna [***...]
Gold:   375        SH:  0    Dex: 21    Spells: 2/17 levels left

rFire    + . .     SeeInvis .   r - +6 flail (holy)
rCold    . . .     Faith    .   (no shield)
rNeg     + + +     Spirit   .   (helmet restricted)
rPois    .         Reflect  .   e - amulet of regeneration
rElec    .         Harm     .   n - +4 ring of protection
rCorr    .         Rampage  .   i - ring of willpower
Will     +....                  u - ring of wizardry
Stlth    ++++......             z - ring of the Tuna {Contam *Slow rF+ rN+++ Dex+8}
HPRegen  1.17/turn              (no ring)
MPRegen  0.15/turn              (no ring)
                                (no ring)
                                (no ring)

@: mighty, marked, channeling, very slightly contaminated, invisible
A: almost no armour, amphibious, 8 rings, camouflage 1, gelatinous body 1,
(nimble swimmer 1), tentacles
a: Renounce Religion, Channel Magic, Forget Spell


You were on level 7 of the Dungeon.
You worshipped Sif Muna.
Sif Muna was most pleased with you.
You visited 1 branch of the dungeon, and saw 7 of its levels.
You also visited: Ossuary.

You collected 375 gold pieces.

Inventory:

Hand Weapons
 b - a +0 dagger
 r - a +6 flail of holy wrath (weapon)
 t - the +1 hunting sling "Luggapro" {venom, rPois rC- Will+ Int+4}
   (You found it on level 5 of the Dungeon)

   It poisons the ammo it fires.
   It affects your intelligence (+4).
   It makes you vulnerable to cold.
   It protects you from poison.
   It increases your willpower.
Missiles
 p - 5 curare-tipped darts
Jewellery
 e - an amulet of regeneration (around mantle)
 i - a ring of willpower (right tentacle)
 n - a +4 ring of protection (left tentacle)
 u - a ring of wizardry (on tentacle)
 z - the ring of the Tuna (on tentacle) {Contam *Slow rF+ rN+++ Dex+8}
   (You found it on level 6 of the Dungeon)

   [ring of protection from fire]

   It affects your dexterity (+8).
   It protects you from fire.
   It renders you almost immune to negative energy.
   It causes magical contamination when unequipped.
   It may slow you when you take damage.
 B - a +6 ring of intelligence
Wands
 x - a wand of charming (11)
 y - a wand of paralysis (5)
Scrolls
 c - 2 scrolls of teleportation {unknown}
 h - 2 scrolls of fog {unknown}
 j - 2 scrolls of magic mapping {unknown}
 k - 5 scrolls of identify {unknown}
 m - a scroll of noise {unknown}
 o - a scroll of vulnerability {unknown}
 s - a scroll of enchant armour {unknown}
 D - a scroll of brand weapon {unknown}
Potions
 a - 2 potions of invisibility
 d - 2 potions of haste {unknown}
 f - 3 potions of ambrosia {unknown}
 g - 4 potions of heal wounds {unknown}
 l - 4 potions of degeneration {unknown}
 q - 4 potions of might
 v - 4 potions of curing {unknown}
 w - a potion of brilliance {unknown}
 A - 2 potions of experience {unknown}
 C - 2 potions of flight {unknown}
 E - a potion of mutation {unknown}


   Skills:
 + Level 5.2 Dodging
 - Level 4.0 Stealth
 + Level 4.8 Spellcasting
 * Level 7.0 Conjurations
 + Level 5.7 Air Magic
 + Level 4.3 Invocations


You had 2 spell levels left.
You knew the following spells:

 Your Spells              Type           Power      Damage    Failure   Level
a - Shock                 Conj/Air       100%       1d9       1%          1
b - Static Discharge      Conj/Air       30%        N/A       1%          2
c - Swiftness             Air            28%        N/A       1%          3
d - Airstrike             Air            14%        N/A       4%          4
e - Lightning Bolt        Conj/Air       15%        1d29      10%         5

Your spell library contained the following spells:

 Spells                   Type           Power      Damage    Failure   Level
 Foxfire                  Conj/Fire      72%        2x1d7     1%          1
 Animate Skeleton         Necr           8%         N/A       4%          1
 Pain                     Necr           16%        1d4       4%          1
 Conjure Flame            Conj/Fire      18%        6-21      3%          3
 Sticky Flame             Conj/Fire      18%        2d4       12%         4
 Inner Flame              Hex/Fire       4%         N/A       14%         3
 Vampiric Draining        Necr           2%         2d6       14%         3
 Fireball                 Conj/Fire      9%         3d6       30%         5
 Animate Dead             Necr           2%         N/A       41%         4
 Agony                    Necr           4%         N/A       75%         5


Dungeon Overview and Level Annotations

Branches:
Dungeon (7/15)            Ossuary (visited)
 Temple: D:4-7

Altars:
Cheibriados
Dithmenos
Fedhas
Kikubaaqudgha
Okawaru
Sif Muna
Vehumet
Zin
The Shining One

Shops:
D:4 *

Annotations:
D:7 Harold


Innate Abilities, Weirdness & Mutations

You cannot wear most types of armour.
You are amphibious.
You can wear up to eight rings at the same time.
Your skin changes colour to match your surroundings (Stealth+).
Your rubbery body absorbs attacks. (AC +1, EV +1)
((You are camouflaged near water. (Stealth+)))
You have tentacles for arms and can constrict up to eight enemies at once.


Message History

Harold points at you and mumbles some strange words.
You barely resist.
Casting: Lightning Bolt (quite dangerous; 10% risk of failure)
Confirm with . or Enter, or press ? or * to list all spells.
The spell is quite dangerous to cast (10% risk of failure)!
Continue anyway?
Aiming: Lightning Bolt (quite dangerous; 10% risk of failure)
Press: ? - help, Shift-Dir - straight line, p - Harold You hear a mighty clap of thunder!
The bolt of lightning hits Harold!
Harold is moderately wounded.
The bolt of lightning misses the white imp. x2
The bolt of lightning misses Harold.
You hear an angry buzzing noise. x3
Harold barely misses you.
Casting: Lightning Bolt (quite dangerous; 10% risk of failure)
Confirm with . or Enter, or press ? or * to list all spells.
The spell is quite dangerous to cast (10% risk of failure)!
Continue anyway?
Aiming: Lightning Bolt (quite dangerous; 10% risk of failure)
Press: ? - help, Shift-Dir - straight line You hear a mighty clap of thunder!
The bolt of lightning hits Harold!!
Harold is heavily wounded.
The bolt of lightning hits the white imp!!
You kill the white imp!
Sif Muna accepts your kill.
The bolt of lightning hits Harold but does no damage.
Harold is heavily wounded.
Harold hits you with a +1 trident of protection!
Okay, then.
Harold hits you with a +1 trident of protection!
* * * LOW HITPOINT WARNING * * *
You fade into invisibility!
Harold hits you with a +1 trident of protection!
* * * LOW HITPOINT WARNING * * *
You are very lightly contaminated with residual magic.
It was a potion of might.
You feel very mighty all of a sudden.
Harold says, "Let's make it quick, okay?
I've got mouths to feed."
Harold hits you with a +1 trident of protection!!
You die...

#.# #.# #.# ##'#####
##'########
#......###..........
#......†........####
#......###......#
#......# #......#
######## ######.#
#.# #@# #@#
#.........^..
#.####.......
....... ......(
....... P......
.###...


You could see Harold.

Vanquished Creatures
  A water moccasin (D:5)
  2 orc warriors
  2 ogres
  2 centaurs
  A kobold brigand (D:7)
  Blork the orc (D:4)
  2 bullfrogs (D:7)
  2 scorpions
  4 water moccasin zombies
  2 howler monkeys (D:7)
  5 orc priests
  5 hounds
  A centaur skeleton (D:6)
  An iron imp (D:6)
  Jessica (D:2)
  2 bullfrog skeletons
  An iguana (D:5)
  2 orc wizards
  A hound skeleton (D:5)
  2 mummies (Ossuary)
  A howler monkey zombie (D:4)
  8 adders
  A white imp (D:7)
  2 ufetubi
  7 adder zombies (Ossuary)
  A dart slug (D:1)
  5 worms
  26 orcs
  6 ball pythons
  17 endoplasms
  A giant cockroach (D:3)
  6 gnoll zombies (Ossuary)
  10 goblins
  7 hobgoblins
  11 jackals
  4 quokkas
  4 bats
  2 frilled lizards (D:1)
  A goblin skeleton (D:6)
  2 goblin zombies (D:6)
  4 hobgoblin zombies
  8 kobolds
  A kobold skeleton (D:6)
  3 kobold zombies (Ossuary)
  An orc skeleton (D:6)
  13 orc zombies
  8 rats
200 creatures vanquished.

Vanquished Creatures (others)
  A scorpion (D:6)
1 creature vanquished.

Grand Total: 201 creatures vanquished

Notes
Turn   | Place    | Note
-------+----------+-------------------------------------------
     0 | D:1      | Anon1729 the Octopode Air Elementalist began the quest for
                  | the Orb.
     0 | D:1      | Reached XP level 1. HP: 11/11 MP: 3/3
   273 | D:1      | Reached XP level 2. HP: 17/17 MP: 1/5
   807 | D:1      | Reached XP level 3. HP: 18/21 MP: 0/6
  1555 | D:2      | Reached skill level 2 in Conjurations
  1587 | D:2      | Reached XP level 4. HP: 18/27 MP: 1/7
  1679 | D:2      | Found a snail-covered altar of Cheibriados.
  1879 | D:2      | Noticed Jessica
  1886 | D:2      | Killed Jessica
  1887 | D:2      | Reached XP level 5. HP: 31/31 MP: 8/8
  2129 | D:3      | Learned a level 2 spell: Static Discharge
  2133 | D:3      | Learned a level 3 spell: Swiftness
  2159 | D:3      | Found an ancient bone altar of Kikubaaqudgha.
  2160 | D:3      | Found a shimmering blue altar of Sif Muna.
  2161 | D:3      | Found a shadowy altar of Dithmenos.
  2167 | D:3      | Found a glowing silver altar of Zin.
  2168 | D:3      | Found an iron altar of Okawaru.
  2202 | D:3      | Became a worshipper of Sif Muna the Loreminder
  2540 | D:3      | Reached skill level 3 in Conjurations
  2726 | D:4      | Reached XP level 6. HP: 25/36 MP: 1/10
  3173 | D:4      | Reached * piety under Sif Muna
  3432 | D:4      | Found Plog's Neck Hole.
  3691 | D:4      | Noticed Blork the orc
  3706 | D:4      | Killed Blork the orc
  4090 | D:5      | Entered Level 5 of the Dungeon
  4109 | D:5      | Reached skill level 4 in Conjurations
  4109 | D:5      | Reached skill level 1 in Invocations
  4109 | D:5      | Reached XP level 7. HP: 41/41 MP: 2/11
  4399 | D:5      | Found a blossoming altar of Fedhas.
  4580 | D:5      | Identified the +1 hunting sling "Luggapro" {venom, rPois
                  | rC- Will+ Int+4}
  4757 | D:5      | Reached skill level 5 in Conjurations
  4757 | D:5      | Reached XP level 8. HP: 35/46 MP: 13/13
  4835 | D:6      | Found a glowing golden altar of the Shining One.
  4909 | D:6      | Found a radiant altar of Vehumet.
  4914 | D:6      | Identified the ring of the Tuna {Contam *Slow rF+ rN+++
                  | Dex+8}
  4999 | D:6      | Reached ** piety under Sif Muna
  5085 | D:6      | Learned a level 4 spell: Airstrike
  5091 | D:6      | Learned a level 5 spell: Lightning Bolt
  5307 | D:6      | Reached skill level 5 in Air Magic
  5326 | D:6      | Found a sand-covered staircase.
  5331 | Ossuary  | Entered an ossuary
  5376 | Ossuary  | Reached skill level 6 in Conjurations
  5430 | Ossuary  | Reached *** piety under Sif Muna
  5708 | D:7      | Reached XP level 9. HP: 40/51 MP: 15/15
  5783 | D:7      | Reached skill level 5 in Dodging
  6316 | D:7      | Reached skill level 7 in Conjurations
  6363 | D:7      | Noticed Harold
  6375 | D:7      | Mangled by Harold

Illustrated notes

Levels and vault maps discovered:
D:1:      lightli_arrival_noodles, layout_basic
D:2:      layout_rooms, basic_altar, kennysheep_generic_room_12, uniq_jessica
D:3:      layout_basic, grunt_temple_overflow_open, grunt_ministairs_1
D:4:      layout_basic, nicolae_shop_sticking_my_neck_out, uniq_blork_the_orc
D:5:      layout_rooms, fedhas_ov_isle_minmay, nicolae_underground_beach
D:6:      layout_rooms, fiery_altar_vehumet, nicolae_tso_besieged_by_evil,
          enter_ossuary_5
D:7:      layout_basic, minmay_temple_entry_overgrown, uniq_harold

Skill      XL: |  1  2  3  4  5  6  7  8  9 |
---------------+----------------------------+-----
Stealth        | 3 4 |  4.0
Conjurations   | 2 3 4 5 6 7 |  7.0
Dodging        | 3 4 5 |  5.2
Spellcasting   | 3 4 |  4.8
Air Magic      | 4 5 |  5.7
Invocations    | 1 2 3 4 |  4.3

Action                   |  1- 3 |  4- 6 |  7- 9 || total
-------------------------+-------+-------+-------++-------
Melee: Unarmed           |     9 |       |       ||     9
       Constrict         |     8 |    13 |    33 ||    54
       Tentacles         |     6 |     4 |    24 ||    34
       Dagger            |    38 |    60 |       ||    98
       Flail             |       |       |   127 ||   127
 Cast: Shock             |    69 |   112 |    96 ||   277
       Static Discharge  |       |     3 |     1 ||     4
       Lightning Bolt    |       |       |     3 ||     3
       Airstrike         |       |       |     1 ||     1
Invok: Channel Magic     |       |       |     1 ||     1
  Use: Potion            |       |       |     2 ||     2
 Stab: Sleeping          |     1 |    12 |    11 ||    24
Armor: Skin              |     3 |    10 |    41 ||    54
Dodge: Dodged            |    30 |    54 |   143 ||   227

Table legend: (Time is in decaauts)
 A = Elapsed time spent in this place.
 B = Non-inter-level travel time spent in this place.
 C = Inter-level travel time spent in this place.
 D = Time resting spent in this place.
 E = Time spent auto-exploring this place.
 F = Levels seen in this place.
 G = Mean time per level.
                   A        B        C        D        E       F      G
               +--------+--------+--------+--------+--------+-----+--------+
         Total |   6430 |   6284 |    146 |    245 |   4830 |   8 |  803.8 |
       Dungeon |   6250 |   6104 |    146 |    245 |   4751 |   7 |  892.9 |
       Ossuary |    180 |    180 |      0 |      0 |     79 |   1 |  180.0 |
               +--------+--------+--------+--------+--------+-----+--------+

Top non-repeatable levels by time:
     D:4: 1237 daAuts
     D:1: 1190 daAuts
     D:2: 890 daAuts
     D:3: 772 daAuts
     D:5: 745 daAuts
     D:7: 732 daAuts
     D:6: 681 daAuts
 Ossuary: 180 daAuts
